 Dungeon Crawl Stone Soup version 0.29.1-15-g9cfb28693d (webtiles) character file.

Game seed: 14044492136538590749

11185 croobank the Covert (level 11, -3/74 HPs)
             Began as an Octopode Conjurer on Mar 8, 2023.
             Shot with an arrow by something (13 damage)
             ... on level 10 of the Dungeon.
             The game lasted 00:42:54 (15291 turns).

croobank the Covert (Octopode Conjurer)            Turns: 15291, Time: 00:42:54

Health: -3/74      AC:  5    Str:  6    XL:     11   Next: 73%
Magic:  15/29      EV: 19    Int: 25    God:
Gold:   575        SH:  0    Dex: 16    Spells: 3/22 levels left

rFire   + . .      SeeInvis .   a - staff of conjuration
rCold   x . .      Faith    .   q - +2 kite shield
rNeg    + . .      Spirit   .   (helmet restricted)
rPois   +          Reflect  .   (no amulet)
rElec   .          Harm     .   f - +4 ring of evasion
rCorr   .          Rampage  .   m - ring "Rellim" {Fire Drain rN+ Dex+5}
Will    .....                   D - ring of magical power
Stlth   +++.......              E - ring of poison resistance
HPRegen 0.22/turn               F - +4 ring of protection
MPRegen 0.21/turn               (no ring)
                                (no ring)
                                (no ring)

@: confused, ambrosia-drunk, on berserk cooldown, slowed, very slow
A: almost no armour, amphibious, 8 rings, camouflage 1, gelatinous body 1,
(nimble swimmer 1), tentacles
a: no special abilities


You were on level 10 of the Dungeon.
You visited 2 branches of the dungeon, and saw 11 of its levels.

You collected 575 gold pieces.

Inventory:

Hand Weapons
 b - a +0 sling
 p - a +2 whip of venom
 r - a +2 vorpal halberd
 u - a +0 trident
 v - a +0 war axe
 x - a +2 whip of electrocution
 y - a +0 morningstar
 A - a +4 mace
 B - a +0 glaive
 J - a +2 hand axe of electrocution
 N - a +0 glaive of venom
 Q - a +0 broad axe of draining
 T - a +3 short sword of venom
 W - a +3 spear
 X - a +0 dagger of draining
Missiles
 H - 3 throwing nets
Armour
 q - a +2 kite shield (worn)
Magical Staves
 a - a staff of conjuration (weapon)
Jewellery
 f - a +4 ring of evasion (left tentacle)
 m - the ring "Rellim" (right tentacle) {Fire Drain rN+ Dex+5}
   (You found it on level 2 of the Dungeon)

   [ring of fire]

   It enhances your fire magic.
   Dex:       It affects your dexterity (+5).
   rF:        It protects you from fire.
   rC:        It makes you vulnerable to cold.
   rN:        It protects you from negative energy.
   Drain:     It drains your maximum health when unequipped.
 n - a ring of wizardry
 D - a ring of magical power (on tentacle)
 E - a ring of poison resistance (on tentacle)
 F - a +4 ring of protection (on tentacle)
 L - a ring of see invisible
 O - a +4 ring of slaying
Wands
 t - a wand of light (28)
 z - a wand of digging (6)
 C - a wand of roots (11)
 G - a wand of mindburst (37)
 R - a wand of charming (4)
Scrolls
 c - 5 scrolls of vulnerability
 h - 2 scrolls of torment
 w - a scroll of poison
 M - 2 scrolls of teleportation
 P - 2 scrolls of enchant armour
 S - a scroll of silence
Potions
 e - 2 potions of magic
 g - 4 potions of brilliance
 i - 3 potions of flight
 j - 3 potions of haste
 k - 6 potions of curing
 l - 2 potions of attraction
 o - a potion of berserk rage
 s - 3 potions of might
 I - a potion of ambrosia
 K - 4 potions of lignification {unknown}


   Skills:
 + Level 6.5 Fighting
 + Level 4.3 Staves
 + Level 6.8 Dodging
 + Level 9.7 Stealth
 * Level 6.1 Shields
 + Level 6.3 Spellcasting
 + Level 7.8 Conjurations
 - Level 5.0 Hexes
 + Level 6.7 Poison Magic


You had 3 spell levels left.
You knew the following spells:

 Your Spells              Type           Power      Damage    Failure   Level
a - Magic Dart            Conj           100%       1d8       1%          1
b - Searing Ray           Conj           100%       2d8       1%          2
c - Dazzling Flash        Conj/Hex       100%       N/A       4%          3
d - Poisonous Vapours     Pois/Air       48%        N/A       8%          2
e - Fulminant Prism       Conj/Hex       28%        3d14      14%         4
f - Iskenderun's Mystic   Conj/Tloc      41%        2d9       36%         4
g - Beastly Appendage     Tmut           14%        N/A       19%         1
h - Wereblood             Tmut           7%         N/A       28%         2

Your spell library contained the following spells:

 Spells                   Type           Power      Damage    Failure   Level
 Sting                    Tmut/Pois      96%        1d7       4%          1
 Conjure Flame            Conj/Fire      58%        6-21      12%         3
 Stone Arrow              Conj/Erth      82%        3d12      12%         3
 Spider Form              Tmut/Pois      24%        N/A       14%         3
 Portal Projectile        Hex/Tloc       40%        N/A       21%         3
 Ignite Poison            Fire/Tmut/Pois 28%        N/A       24%         3
 Call Canine Familiar     Summ           7%         N/A       50%         3
 Olgreb's Toxic Radiance  Pois           41%        N/A       12%         4
 Sticky Flame             Conj/Fire      58%        2d7       36%         4
 Leda's Liquefaction      Hex/Erth       10%        N/A       56%         4
 Lehudib's Crystal Spear  Conj/Erth      20%        10d6      100%        8
 Animate Armour           Summ/Erth      Unusable   N/A       N/A         4

Dungeon Overview and Level Annotations

Branches:
Dungeon (10/15)            Temple (1/1) D:6            Lair (0/5) D:8
    Orc: D:9-12

Altars:
Ashenzari
Cheibriados
Dithmenos
Elyvilon
Fedhas
Hepliaklqana
Kikubaaqudgha
Makhleb
Nemelex Xobeh
Okawaru
Qazlal
Ru
Sif Muna
Trog
Uskayaw
Vehumet
Wu Jian
Xom
Yredelemnul
Zin
The Shining One

Annotations:
D:3 3 runed translucent doors, Atreus's ghost, amateur OpTm; mkat's ghost, weakling MfWn; zeram's ghost, amateur TrSu


Innate Abilities, Weirdness & Mutations

You cannot wear most types of armour.
You are amphibious.
You can wear up to eight rings at the same time.
Your skin changes colour to match your surroundings (Stealth+).
Your rubbery body absorbs attacks. (AC +1, EV +1)
((You are camouflaged when in or above water. (Stealth+)))
You have tentacles for arms and can constrict up to eight enemies at once.


Message History

You are no longer berserk.
You are exhausted.
You feel yourself slow down.
You start resting.
A hornet comes into view.
You start resting.
A centaur warrior comes into view. It is wielding a +0 dire flail.
The centaur warrior drinks a potion.
The centaur warrior flickers and vanishes!
Deactivating autopickup; reactivate with Ctrl-A.
You hear a twanging sound.
An arrow appears from out of thin air!
The arrow hits you!
You hear a twanging sound.
An arrow appears from out of thin air!
The arrow hits you!!
You hear a twanging sound.
An arrow appears from out of thin air!
You block the arrow.
You hear a shout!
You hear a twanging sound.
An arrow appears from out of thin air!
The arrow hits you!
* * * LOW HITPOINT WARNING * * *
The hornet buzzes angrily.
You closely miss the hornet. Your grab misses the hornet.
You squeeze the hornet.
The hornet is lightly wounded.
You block the hornet's attack.
You hear a twanging sound.
An arrow appears from out of thin air!
The arrow hits you!
* * * LOW HITPOINT WARNING * * *
The hornet stings you.
* * * LOW HITPOINT WARNING * * *
You hear a twanging sound.
An arrow appears from out of thin air!
The arrow hits you.
* * * LOW HITPOINT WARNING * * *
The hornet closely misses you.
It was a potion of ambrosia.
You are confused.
You feel invigorated.
You hear a twanging sound.
An arrow appears from out of thin air!
The arrow hits you!
You die...

#D ## #'# #.. #.#
... #..# # #...
#).########.#
##..###).##.....@..#
.##.†...##..#####y##
..###'###..## .#
........[.## .#
................ ..
##########...... ..
# ...... ..# #
....y. ..# # ......


You could see a hornet.

Vanquished Creatures
  Erolcha (D:9)
  2 two-headed ogres
  Pikel (D:4)
  A manticore (D:10)
  Joseph (D:9)
  Maurice (D:8)
  An unseen horror (D:7)
  Maggie (D:8)
  A hornet (D:9)
  3 trolls (D:9)
  Grinder (D:5)
  Prince Ribbit (D:5)
  9 yaks
  3 wyverns
  Sigmund (D:5)
  A shadow (D:8)
  A wraith (D:9)
  Grum (D:8)
  3 acid dragons
  A water moccasin (D:7)
  5 orc warriors
  2 sky beasts
  2 centaurs
  8 ogres
  3 wolves (D:8)
  A phantom (D:5)
  3 bullfrogs
  A necrophage (D:7)
  Blork the orc (D:4)
  A gnoll sergeant (D:9)
  2 scorpions (D:6)
  An electric eel (D:8)
  A howler monkey (D:4)
  A jelly (D:7)
  7 hounds
  6 orc priests
  Jessica (D:2)
  A gnoll bouda (D:9)
  Ijyb (D:4)
  2 orc wizards
  2 iguanas
  17 gnolls
  10 adders
  6 river rats (D:5)
  A white imp (D:8)
  An ufetubus (D:5)
  A worm (D:3)
  4 dart slugs
  19 orcs
  11 ball pythons
  7 endoplasms
  4 giant cockroaches
  10 goblins
  11 hobgoblins
  9 jackals
  12 quokkas
  7 bats
  12 kobolds
  14 rats
243 creatures vanquished.

Vanquished Creatures (others)
  10 fulminant prisms
  7 plants (D:8)
  4 withered plants (D:3)
21 creatures vanquished.

Grand Total: 264 creatures vanquished

Notes
Turn   | Place    | Note
-------+----------+-------------------------------------------
     0 | D:1      | croobank the Octopode Conjurer began the quest for the Orb.
     0 | D:1      | Reached XP level 1. HP: 11/11 MP: 3/3
   228 | D:1      | Reached skill level 3 in Stealth
   228 | D:1      | Reached XP level 2. HP: 17/17 MP: 3/5
   231 | D:1      | Learned a level 2 spell: Searing Ray
   342 | D:1      | Found a faded altar of an unknown god.
   739 | D:1      | Reached XP level 3. HP: 22/22 MP: 2/6
   743 | D:1      | Learned a level 3 spell: Dazzling Flash
  1365 | D:2      | Reached skill level 1 in Fighting
  1815 | D:2      | Reached XP level 4. HP: 28/28 MP: 2/7
  1995 | D:2      | Identified the ring "Rellim" {Fire Drain rN+ Dex+5}
  2278 | D:2      | Noticed Jessica
  2280 | D:2      | Killed Jessica
  2281 | D:2      | Reached skill level 1 in Hexes
  2783 | D:3      | Reached XP level 5. HP: 33/33 MP: 1/8
  2858 | D:3      | Reached skill level 4 in Stealth
  3405 | D:3      | Found an ornate altar of the Wu Jian Council.
  3511 | D:3      | Found a runed translucent gate.
  3511 | D:3      | Found a runed translucent gate.
  3511 | D:3      | Found a runed translucent gate.
  3534 | D:3      | Noticed zeram's ghost (amateur TrSu)
  3534 | D:3      | Noticed mkat's ghost (weakling MfWn)
  3534 | D:3      | Noticed Atreus's ghost (amateur OpTm)
  4265 | D:4      | Reached XP level 6. HP: 39/39 MP: 2/10
  4389 | D:4      | Noticed Pikel
  4399 | D:4      | Noticed Blork the orc
  4400 | D:4      | Killed Pikel
  4401 | D:4      | Reached skill level 5 in Stealth
  4401 | D:4      | Reached skill level 5 in Conjurations
  4401 | D:4      | Reached XP level 7. HP: 20/45 MP: 0/12
  5108 | D:4      | Learned a level 2 spell: Poisonous Vapours
  5349 | D:4      | Killed Blork the orc
  5719 | D:4      | Reached XP level 8. HP: 52/52 MP: 9/13
  5724 | D:4      | Learned a level 4 spell: Fulminant Prism
  5733 | D:4      | Noticed Ijyb
  5738 | D:4      | Killed Ijyb
  5739 | D:4      | Reached skill level 1 in Poison Magic
  6295 | D:5      | Entered Level 5 of the Dungeon
  6334 | D:5      | Reached skill level 6 in Stealth
  6381 | D:5      | Noticed Sigmund
  6390 | D:5      | Killed Sigmund
  6594 | D:5      | Noticed Grinder
  6600 | D:5      | Killed Grinder
  6768 | D:5      | Reached XP level 9. HP: 58/58 MP: 14/15
  7006 | D:5      | Noticed Prince Ribbit
  7012 | D:5      | Killed Prince Ribbit
  7013 | D:5      | Reached skill level 7 in Stealth
  7062 | D:5      | Found a sparkling altar of Nemelex Xobeh.
  7369 | D:5      | Reached skill level 5 in Dodging
  8121 | D:6      | Found a sacrificial altar of Ru.
  8135 | D:6      | Found a staircase to the Ecumenical Temple.
  8166 | Temple   | Entered the Ecumenical Temple
  8381 | D:6      | Found a glowing silver altar of Zin.
  8573 | D:6      | Found a white marble altar of Elyvilon.
  8768 | D:6      | Found a shadowy altar of Dithmenos.
  8872 | D:6      | Reached skill level 1 in Shields
  9102 | D:7      | Reached skill level 5 in Spellcasting
  9301 | D:7      | Reached skill level 1 in Staves
  9621 | D:7      | Found a shimmering altar of Xom.
  9672 | D:7      | Reached skill level 5 in Fighting
  9822 | D:7      | Learned a level 4 spell: Iskenderun's Mystic Blast
  9830 | D:7      | Reached XP level 10. HP: 66/66 MP: 17/17
  9945 | D:7      | Killed an unseen horror
  9946 | D:7      | Reached skill level 8 in Stealth
 10311 | D:7      | Reached skill level 5 in Hexes
 10311 | D:7      | Reached skill level 5 in Poison Magic
 10802 | D:8      | Noticed Grum
 10813 | D:8      | Killed Grum
 11671 | D:8      | Noticed Maggie
 11682 | D:8      | Killed Maggie
 12143 | D:8      | Found a staircase to the Lair.
 12181 | D:8      | Noticed Maurice
 12181 | D:8      | Noticed a two-headed ogre
 12190 | D:8      | Killed a two-headed ogre
 12190 | D:8      | Killed Maurice
 12191 | D:8      | Reached skill level 9 in Stealth
 12191 | D:8      | Reached XP level 11. HP: 72/72 MP: 11/19
 12604 | D:9      | Reached skill level 5 in Shields
 12811 | D:9      | Learned a level 1 spell: Beastly Appendage
 12814 | D:9      | Learned a level 2 spell: Wereblood
 12918 | D:9      | Noticed a two-headed ogre
 12957 | D:9      | Found a stormy altar of Qazlal.
 12983 | D:9      | Noticed Erolcha
 13616 | D:9      | Noticed Joseph
 13625 | D:9      | Killed Joseph
 14065 | D:9      | Killed a two-headed ogre
 14149 | D:9      | Killed Erolcha
 14423 | D:10     | Entered Level 10 of the Dungeon
 15068 | D:10     | Found a snail-covered altar of Cheibriados.
 15076 | D:10     | Found a broken altar of Ashenzari.
 15138 | D:10     | Noticed a manticore
 15144 | D:10     | Killed a manticore
 15284 | D:10     | Noticed a centaur warrior
 15290 | D:10     | HP: 3/74 [something (5)]
 15291 | D:10     | Shot with an arrow by something

Illustrated notes

Levels and vault maps discovered:
D:1:      dpeg_arrival_court, layout_basic, nicolae_ecumenical_snake_handling
D:2:      layout_basic, uniq_jessica
D:3:      layout_loops_ring, nzn_wu_jian_contemplation, gammafunk_ghost_cemetery
D:4:      minmay_chambers_of_twos, layout_loops_ring, glass_columns_a,
          uniq_pikel, uniq_ijyb, uniq_blork_the_orc
D:5:      lemuel_ratsnest, layout_loops_ring, nicolae_overflow_crystal_walls,
          uniq_grinder, uniq_sigmund, uniq_prince_ribbit1
D:6:      layout_rooms, elyvilon_altar_1,
          nicolae_dithmenos_through_a_glass_darkly, lemuel_doored_altar,
          zin_academy, minmay_temple_entry_crystal_x, sigmund_army
D:7:      layout_basic, lemuel_crystal_altar
D:8:      layout_loops_corners, lair_entry_dummy, minivault_4,
          nrook_mini_backslash, serial_bayou_pond_a, uniq_grum, uniq_maggie,
          uniq_maurice
D:9:      layout_loops_cross, nicolae_qazlal_scattered_showers, uniq_erolcha,
          uniq_joseph
D:10:     minmay_the_grid_octo_tiled_squarecenter
          [minmay_the_grid_octo_fan_narrow, minmay_the_grid_octo_checkerflower,
          minmay_the_grid_octo_77, minmay_the_grid_octo_vomiting_pacman,
          minmay_the_grid_square_5x5_megaprize_checkered,
          minmay_the_grid_square_5x5_misaligned,
          minmay_the_grid_square_5x5_three_small,
          minmay_the_grid_square_5x5_seven,
          minmay_the_grid_square_5x5_two_walls_b], layout_small_grid,
          mainiacjoe_overflow_24_doors, mainiacjoe_overflow_catwalk_spiral,
          nicolae_trove_entry_path_of_doom
Temple:   grunt_temple_mini_profane

Skill      XL: |  1  2  3  4  5  6  7  8  9 10 11 |
---------------+----------------------------------+-----
Stealth        | 3 4 5 6 7 9 |  9.7
Fighting       | 1 2 3 4 5 6 |  6.5
Hexes          | 1 2 3 4 5 |  5.0
Dodging        | 3 4 5 6 |  6.8
Spellcasting   | 3 4 5 6 |  6.3
Conjurations   | 5 6 7 |  7.8
Poison Magic   | 3 4 5 6 |  6.7
Shields        | 2 4 6 |  6.1
Staves         | 1 3 4 |  4.3

Action                   |  1- 3 |  4- 6 |  7- 9 | 10-12 || total
-------------------------+-------+-------+-------+-------++-------
Melee: Dagger            |     2 |       |       |     7 ||     9
       Constrict         |     5 |     4 |     5 |     8 ||    22
       Staff             |    12 |    12 |    17 |    37 ||    78
       Tentacles         |     3 |     4 |     8 |    13 ||    28
       Punch             |       |       |     2 |       ||     2
       Kick              |       |       |       |     2 ||     2
 Cast: Magic Dart        |    57 |    40 |    81 |    46 ||   224
       Searing Ray       |     5 |    26 |    69 |    75 ||   175
       Dazzling Flash    |       |     1 |     3 |    23 ||    27
       Poisonous Vapours |       |       |       |    15 ||    15
       Fulminant Prism   |       |       |       |    10 ||    10
       Beastly Appendage |       |       |       |     1 ||     1
Evoke: Wand              |       |       |       |     1 ||     1
  Use: Scroll            |       |     9 |     8 |     5 ||    22
       Potion            |       |       |     1 |     5 ||     6
 Stab: Sleeping          |     1 |       |     2 |     3 ||     6
       Invisible         |       |     1 |       |     3 ||     4
Armor: Skin              |     2 |     1 |     1 |    19 ||    23
Dodge: Dodged            |    10 |    24 |    65 |   140 ||   239
Block: Kite shield       |       |       |       |   119 ||   119
